 Dungeon Crawl Stone Soup version 0.25.1-1-g288607f5aa (webtiles) character file.

Game seed: 12337539556073135432

500 ArchParadox the Shooter (level 6, -1/51 HPs)
             Began as a Minotaur Hunter on July 26, 2020.
             Slain by a worker ant (4 damage)
             ... on level 5 of the Dungeon.
             The game lasted 00:25:31 (4547 turns).

ArchParadox the Shooter (Minotaur Hunter)           Turns: 4547, Time: 00:25:31

Health: -1/51      AC:  9    Str: 22    XL:     6   Next: 94%
Magic:  5/5        EV: 11    Int:  8    God:
Gold:   228        SH:  0    Dex: 13    Spells: 5/5 levels left

rFire    . . .     SeeInvis .   b - +0 long sword
rCold    . . .     Gourm    .   (no shield)
rNeg     . . .     Faith    .   m - +1 scale mail
rPois    .         Spirit   .   (helmet restricted)
rElec    .         Reflect  .   (no cloak)
rCorr    .         Harm     .   r - +0 pair of gloves
MR       .....                  n - +0 pair of boots
Stlth    ..........             (no amulet)
HPRegen  0.17/turn              s - +6 ring of strength
MPRegen  0.09/turn              (no ring)

@: lethally poisoned (-1 -> -4), about to teleport, flying
A: retaliatory headbutt, horns 2
a: no special abilities


You were on level 5 of the Dungeon.
You were very hungry.

You visited 1 branch of the dungeon, and saw 6 of its levels.

You collected 228 gold pieces.

Inventory:

Hand Weapons
 a - a +1 shortbow
 b - a +0 long sword (weapon)
 k - a +0 short sword
 x - a +1 long sword of holy wrath
Missiles
 d - 6 arrows
Armour
 c - a +0 leather armour
 m - a +1 scale mail (worn)
 n - a +0 pair of boots (worn)
 r - a +0 pair of gloves (worn)
Jewellery
 g - an uncursed ring of fire {unknown}
 s - a +6 ring of strength (left hand)
 u - an uncursed ring of magical power
 v - an uncursed ring of magical power
Wands
 t - a wand of flame (20)
Scrolls
 e - a scroll of enchant armour
 h - 2 scrolls of teleportation
 l - 2 scrolls of enchant weapon {unknown}
 o - a scroll of fog {unknown}
 w - a scroll of blinking {unknown}
Potions
 i - 2 potions of flight
 j - a potion of resistance
 p - a potion of mutation {unknown}
 q - a potion of ambrosia {unknown}
 z - a potion of curing {unknown}
Comestibles
 f - 12 rations


   Skills:
 - Level 3.6 Fighting
 + Level 2.6 Long Blades
 * Level 7.8 Bows
 - Level 2.0 Armour
 - Level 3.0 Dodging
 - Level 0.7 Stealth


You had 5 spell levels left.
You didn't know any spells.
Your spell library contained the following spells:

 Spells                   Type           Power        Failure   Level  Hunger
 Magic Dart               Conj           #...         75%         1    ##.....
 Blink                    Tloc           N/A          86%         2    ###....
 Call Imp                 Summ           #.......     86%         2    ###....
 Slow                     Hex            #.......     86%         2    ###....
 Conjure Flame            Conj/Fire      #.......     98%         3    ####...
 Mephitic Cloud           Conj/Pois/Air  #.......     98%         3    ####...


Dungeon Overview and Level Annotations

Branches:
Dungeon (6/15)
 Temple: D:4-7

Altars:
Ashenzari
Elyvilon
Hepliaklqana
Uskayaw
Xom
Beogh

Annotations:
D:3 1 runed translucent door, wojtek's ghost, amateur DsGl
D:4 3 runed translucent doors, philipeq's ghost, novice DrMo


Innate Abilities, Weirdness & Mutations

You reflexively headbutt those who attack you in melee.
You have a pair of horns on your head.


Message History

You headbutt the worker ant. You barely miss the worker ant.
You headbutt the worker ant, but do no damage.
The worker ant is almost dead.
The worker ant bites you.
* * * LOW HITPOINT WARNING * * *
You are lethally poisoned!
The worker ant poisons you!
The worker ant bites you but does no damage.
As you read the scroll of teleportation, it crumbles to dust.
You feel strangely unstable.
The sentinel's mark upon you fades away.
* * * LOW HITPOINT WARNING * * *
You feel sick. The worker ant barely misses you.
It was a potion of flight.
You feel very buoyant.
You fly up into the air.
* * * LOW HITPOINT WARNING * * *
You feel sick. The worker ant bites you.
You die...

.# ....#. ##.# .....
#. #..# ... #. ...
..# #. #.#####.# #.
## ........# #. ...
#.#####<# #. ##.#
#.#####.# #.######
#...### #........
#Za@...# ##≈≈≈≈≈##
..#####.##
#.####.###≈≈...≈≈###
..# #.# #(
#....≈.○...≈.. ###
#.# #Z ####.≈.._☼.≈#
#.. (. ##≈.....≈#
..# #. #≈≈...≈≈# ..
##≈≈≈≈≈## #. #.#####
#.##


You could see a worker ant and a howler monkey skeleton.

Vanquished Creatures
  A centaur (D:5)
  A killer bee (D:5)
  A crimson imp (D:5)
  2 bullfrog skeletons
  2 orc priests
  An orc wizard (D:5)
  A killer bee zombie (D:5)
  6 gnolls
  5 adders
  An adder zombie (D:5)
  2 worms
  A dart slug (D:3)
  8 leopard geckos
  4 orcs
  12 hobgoblins
  4 jackals (D:5)
  11 kobolds
  A quokka (D:2)
  6 bats
  A frilled lizard (D:1)
  7 goblins
  7 rats
85 creatures vanquished.

Vanquished Creatures (others)
  A worker ant (D:5)
  A giant cockroach (D:5)
2 creatures vanquished.

Grand Total: 87 creatures vanquished

Notes
Turn   | Place    | Note
-------+----------+-------------------------------------------
     0 | D:1      | ArchParadox the Minotaur Hunter began the quest for the
                  | Orb.
     0 | D:1      | Reached XP level 1. HP: 18/18 MP: 0/0
   374 | D:1      | Reached XP level 2. HP: 25/25 MP: 1/1
   696 | D:1      | Reached skill level 5 in Bows
  1477 | D:2      | Reached XP level 3. HP: 31/31 MP: 2/2
  1770 | D:3      | Reached XP level 4. HP: 14/39 MP: 3/3
  2545 | D:2      | Found a shattered altar of Ashenzari.
  2608 | D:2      | Reached skill level 6 in Bows
  2990 | D:3      | Found a runed translucent door.
  3003 | D:3      | Noticed wojtek's ghost (amateur DsGl)
  3008 | D:3      | Reached skill level 1 in Armour
  3145 | D:3      | Found a white marble altar of Elyvilon.
  3279 | D:3      | Found a hazy altar of Hepliaklqana.
  3279 | D:3      | Found a hide-covered altar of Uskayaw.
  3347 | D:3      | Reached XP level 5. HP: 45/45 MP: 4/4
  3568 | D:4      | Found a runed translucent gate.
  3569 | D:4      | Found a runed translucent gate.
  3569 | D:4      | Found a runed translucent gate.
  3570 | D:4      | Found a roughly hewn altar of Beogh.
  3572 | D:4      | Noticed philipeq's ghost (novice DrMo)
  3615 | D:4      | Found a shimmering altar of Xom.
  3705 | D:5      | Entered Level 5 of the Dungeon
  4008 | D:5      | Reached XP level 6. HP: 51/51 MP: 5/5
  4015 | D:5      | Reached skill level 1 in Long Blades
  4015 | D:5      | Reached skill level 7 in Bows
  4519 | D:5      | Found a shimmering altar of Xom.
  4547 | D:5      | Slain by a worker ant

Illustrated notes

Levels and vault maps discovered:
D:1:      dpeg_arrival_shelter, layout_basic
D:2:      layout_loops_ring, nicolae_ashenzari_panopticon
D:3:      layout_rooms, gammafunk_temple_overflow_pools, ebering_ghost_sewer_d,
          first_ration, elyvilon_altar_5
D:4:      layout_gridville, lemuel_round_altar, biasface_ghost_orc_armoury
D:5:      layout_loops_ring, minmay_temple_entry_fiery, serial_shops,
          nicolae_shop_trees, xom_confusion_cloud
D:6:      layout_cave_pools, grunt_temple_overflow_bloody_war,
          lemuel_zombie_altar_yredelemnul, kennysheep_generic_room_3

Skill      XL: |  1  2  3  4  5  6 |
---------------+-------------------+-----
Fighting       | 3 |  3.6
Bows           | 5 6 7 |  7.8
Armour         | 1 2 |  2.0
Dodging        | 3 |  3.0
Long Blades    | 2 |  2.6
Stealth        | |  0.7

Action                   |  1- 3 |  4- 6 || total
-------------------------+-------+-------++-------
Melee: Short sword       |    34 |    22 ||    56
       Headbutt          |     2 |    22 ||    24
       Long sword        |       |    45 ||    45
 Fire: Shortbow          |    69 |   128 ||   197
  Use: Scroll            |       |     6 ||     6
       Potion            |       |     1 ||     1
  Eat: Chunk             |     2 |     8 ||    10
Armor: Leather armour    |     5 |       ||     5
       Scale mail        |       |    60 ||    60
Dodge: Dodged            |    29 |    48 ||    77
       Rpst.: Long sword |       |     6 ||     6
